 Dungeon Sprint DCSS version 0.31-a0-435-g2c6fae2916 (webtiles) character file.

Game seed: 16354748811840061319

61 rocky1 the Changeling (level 3, -10/39 HPs)
             Began as a Demonspawn Shapeshifter on Aug 2, 2023.
             Mangled by an ogre
             ... wielding a +0 giant club
              (26 damage)
             ... in the Dungeon (Sprint IX: "|||||||||||||||||||||||||||||").
             The game lasted 00:00:15 (37 turns).

rocky1 the Changeling (Demonspawn Shapeshifter)       Turns: 37, Time: 00:00:16

Health: -10/39     AC:  2    Str: 15    XL:     3   Next: 83%
Magic:  3/3        EV: 12    Int: 11    God:
Gold:   0          SH:  0    Dex: 13    Spells: 2/2 levels left

rFire   . .          .
                       - Unarmed
rCold   . . .        (no shield)
rNeg    . . .        a - +0 animal skin
rPois   .            (helmet currently unavailable)
rElec   .            (cloak currently unavailable)
rCorr   .            (gloves currently unavailable)
SInv    .            (boots currently unavailable)
Will    .....        (no amulet) Stlth
                     (no ring)
HPRegen 0.26/turn    (no ring)
MPRegen 0.08/turn

%: no teleportation
@: berserking (expiring), beast-form, very quick
A: beast (slay +3), ignite blood 1
a: Begin Untransformation


You were in the Dungeon.
You were a hulking beast.
You visited 1 branch

Inventory:

Armour
 a - a +0 animal skin (worn)
Talismans
 c - a beast talisman (active)
Scrolls
 i - a scroll of blinking
Potions
 b - a potion of lignification
 d - a potion of curing
 e - a potion of heal wounds
 f - a potion of haste
 g - 2 potions of magic


   Skills:
 + Level 1.0 Fighting
 + Level 2.4 Dodging
 + Level 1.5 Stealth
 + Level 4.7 Unarmed Combat
 + Level 5.0 Shapeshifting


You had 2 spell levels left.
You didn't know any spells.
Your spell library was empty.

Dungeon Overview and Level Annotations

Branches:
Dungeon (1/1)

Altars:


Innate Abilities, Weirdness & Mutations

You are a hulking beast.
Your limbs bulge with bestial killing power. (Slay +3)
Your demonic aura sometimes causes spilled blood to erupt in flames.


Message History

You hit the iguana.
The iguana is moderately wounded.
The jelly quivers.
The iguana closely misses you.
A red film seems to cover your vision as you go berserk!
You feel yourself moving faster!
You feel mighty! The iguana bites you.
You hit the iguana but do no damage.
The iguana is moderately wounded.
You punch the iguana!
The iguana is almost dead.
The iguana closely misses you.
You hit the iguana.
You kill the iguana!
Your Dodging skill increases to level 2!
Your Stealth skill increases to level 1!
Your Unarmed Combat skill increases to level 4!
Your Shapeshifting skill increases to level 4!
You have reached level 2!
Your demonic ancestry asserts itself...
Your blood heats up.
You have reached level 3!
Your experience leads to an increase in your attributes!
Increase (S)trength, (I)ntelligence, or (D)exterity?
You feel clever. x2
Unknown command.
You barely miss the hound. The hound closely misses you.
You closely miss the hound. The hound closely misses you.
You miss the hound. The hound barely misses you.
You closely miss the hound. You punch the hound!
The hound is severely wounded.
The hound closely misses you.
You closely miss the hound.
The hound is severely wounded.
The hound barely misses you.
You closely miss the hound. You punch the hound.
You kill the hound!
Your Shapeshifting skill increases to level 5!
The ogre hits you with a +0 giant club!!
Ouch! That really hurt!
You die... ▓▓▓▓▓▓▓▓▓▓▓▓▓▓▓▓▓▓ ▓<...')†...hOJh..+ ▓▓▓▓▓▓▓▓▓▓▓▓▓▓▓▓▓▓

You could see an ogre, a hound and a jelly.

Vanquished Creatures
  A hound (D)
  An iguana (D)
  A ball python (D)
  An endoplasm (D)
  A hobgoblin (D)
  A quokka (D)
  A kobold (D)
7 creatures vanquished.

Notes
Turn   | Place    | Note
-------+----------+-------------------------------------------
     0 | D        | rocky1 the Demonspawn Shapeshifter began the quest for the
                  | Orb.
     0 | D        | Reached XP level 1. HP: 15/15 MP: 1/1
     6 | D        | Reached skill level 3 in Shapeshifting
    24 | D        | Noticed an iguana
    24 | D        | Noticed a hound
    24 | D        | Noticed an ogre
    24 | D        | Noticed a jelly
    24 | D        | Noticed a hound
    30 | D        | Killed an iguana
    31 | D        | Reached skill level 1 in Stealth
    31 | D        | Reached skill level 4 in Shapeshifting
    31 | D        | Gained mutation: Your demonic aura sometimes causes spilled
                  | blood to erupt in flames. [demonic ancestry]
    31 | D        | Reached XP level 2. HP: 12/21 MP: 2/2
    31 | D        | Reached XP level 3. HP: 15/26 MP: 3/3
    37 | D        | Reached skill level 5 in Shapeshifting
    37 | D        | Mangled by an ogre

Illustrated notes

Levels and vault maps discovered:
D:        linesprint [early_d, line_temple, items_1, d_10, items_2, lair_1,
          lair_end, items_3, orc_1, orc_end, items_4, d_15, swamp_1, shoals_1,
          snake_1, spider_1, d_20, vaults_1, items_5, swamp_end, shoals_end,
          snake_end, spider_end, vaults_end, d_27, items_6, zot_1, zot_end,
          crypt_end, forest_end, elf_end, slime_end, tomb_end, abyss_end,
          pan_hell_end]

Skill      XL: |  1  2  3 |
---------------+----------+-----
Shapeshifting  | 4 5 |  5.0
Unarmed Combat | 4 |  4.7
Dodging        | 2 |  2.4
Stealth        | 1 |  1.5
Fighting       | |  1.0

Action                     || total
---------------------------++-------
  Melee: Unarmed           ||    25
         Punch             ||     2
    Use: Potion            ||     1
   Stab: Sleeping          ||     2
 Armour: Animal skin       ||     1
  Dodge: Dodged            ||    12

Table legend: (Time is in decaauts)
 A = Elapsed time spent in this place.
 B = Non-inter-level travel time spent in this place.
 C = Inter-level travel time spent in this place.
 D = Time resting spent in this place.
 E = Time spent auto-exploring this place.
 F = Levels seen in this place.
 G = Mean time per level.
                   A        B        C        D        E       F      G
               +--------+--------+--------+--------+--------+-----+--------+
         Total |     32 |     32 |      0 |      0 |      0 |   1 |   32.0 |
       Dungeon |     32 |     32 |      0 |      0 |      0 |   1 |   32.0 |
               +--------+--------+--------+--------+--------+-----+--------+

Top non-repeatable levels by time:
       D: 32 daAuts
